 Dungeon Crawl Stone Soup version 0.19.1-1-g22dce08 (webtiles) character file.

35 Jynx the Grave Robber (level 3, 0/24 HPs)
             Began as a Vampire Necromancer on Jan 15, 2017.
             Killed from afar by an orc wizard (7 damage)
             ... with a magic dart
             ... on level 2 of the Dungeon.
             The game lasted 00:01:52 (1629 turns).

Jynx the Grave Robber (Vampire Necromancer)         Turns: 1629, Time: 00:01:54

Health: 0/24       AC:  3    Str:  7    XL:     3   Next: 17%
Magic:  2/6        EV: 13    Int: 17    God:
Gold:   110        SH:  0    Dex: 15    Spells: 1 memorised, 5 levels left

rFire  . . .     SeeInvis +     j - +0 dagger
rCold  + . .     Gourm    .     a - +0 robe
rNeg   + + .     Faith    .     (no shield)
rPois  +         Spirit   .     e - +0 helmet
rElec  .         Reflect  .     (no cloak)
rCorr  .         Harm     .     (no gloves)
MR     .....                    (no boots)
Stlth  ++++......               (no amulet)
                                (no ring)
                                (no ring)

@: regenerating slowly
A: fangs 3, see invisible, unbreathing
a: Bat Form


You were on level 2 of the Dungeon.
You were thirsty.

You visited 1 branch of the dungeon, and saw 3 of its levels.

You collected 110 gold pieces.

Inventory:

Hand Weapons
 j - a +0 dagger (weapon)
Armour
 a - a +0 robe (worn)
 e - a +0 helmet (worn)
Scrolls
 i - 2 scrolls of teleportation
 k - a scroll of identify {unknown}
Potions
 c - a potion of blood
 d - a potion of curing {unknown}
 f - a potion of cure mutation {unknown}
 g - a potion of haste {unknown}
 h - a potion of flight {unknown}
 l - a potion of mutation {unknown}
 m - 2 potions of magic {unknown}
Books
 b - a book of Necromancy

   Spells                             Type                      Level
   a - Pain                           Necromancy                   1
   b - Animate Skeleton               Necromancy                   1
   c - Vampiric Draining              Necromancy                   3
   d - Regeneration                   Charms/Necromancy            3
   e - Animate Dead                   Necromancy                   4
   f - Control Undead                 Necromancy                   4


   Skills:
 + Level 0.9 Short Blades
 - Level 2.1 Dodging
 * Level 4.3 Stealth
 + Level 2.3 Spellcasting
 * Level 4.6 Necromancy


You had 5 spell levels left.
You knew the following spells:

 Your Spells              Type           Power        Failure   Level  Hunger
a - Pain                  Necr           ###.         2%          1    #......


Dungeon Overview and Level Annotations

Branches:
Dungeon (3/15)

Altars:


Innate Abilities, Weirdness & Mutations

You heal slowly.
You have razor-sharp teeth.
You have supernaturally acute eyesight. (SInv)
You can survive without breathing.


Message History

The orc wizard hits you with a dagger.
There is a stone staircase leading up here.
The orc hits you but does no damage. The orc wizard misses you.
You climb upwards.
There is a stone staircase leading down here.
You hit the rat but do no damage. The rat misses you.
The orc wizard hits you but does no damage.
You hit the rat but do no damage. You bite the rat.
You draw the rat's blood!
You feel better.
You feel slightly less thirsty.
The rat is heavily wounded.
The orc closely misses you. The rat bites you but does no damage.
The orc wizard hits you with a dagger.
You closely miss the rat.
The rat is heavily wounded.
The orc hits you with a hand axe.
* * * LOW HITPOINT WARNING * * *
The rat misses you. The orc wizard casts a spell at you.
The magic dart hits you!
You die...

#. #.#.#w#
#.##.....#
#........# ###....##
##.#.## ##...w#
##.....##
#.###......o#######.
#...........@r......
####......o###.###.
##........†..#
###...#####.##
#....## # #.#### #.#
#.# #.#


You could see a worm, an orc wizard, an orc and a rat.

Vanquished Creatures
  An adder (D:2)
  An orc (D:3)
  A giant cockroach (D:2)
  6 goblins
  6 hobgoblins
  A ball python (D:1)
  A bat (D:1)
  2 frilled lizards (D:2)
  3 kobolds
22 creatures vanquished.

Notes
Turn   | Place    | Note
-------+----------+-------------------------------------------
     0 | D:1      | Jynx the Vampire Necromancer began the quest for the Orb.
     0 | D:1      | Reached XP level 1. HP: 13/13 MP: 3/3
   816 | D:1      | Reached XP level 2. HP: 17/19 MP: 0/5
  1277 | D:2      | Reached XP level 3. HP: 19/24 MP: 4/6
  1629 | D:2      | Killed from afar by an orc wizard

Skill      XL: |  1  2 |
---------------+-------+-----
Stealth        | 4 |  4.3
Short Blades   | |  0.9
Dodging        | |  2.1
Spellcasting   | |  2.3
Necromancy     | |  4.6

Action                   || total
-------------------------++-------
Melee: Unarmed           ||    11
       Bite              ||     2
       Dagger            ||     7
 Cast: Pain              ||    39
  Use: Scroll            ||     4
 Stab: Sleeping          ||     2
  Eat: Corpse            ||     1
Armor: Robe              ||     6
Dodge: Dodged            ||    15
